 Dungeon Crawl Stone Soup version 0.17-a0-1181-gabc46e6 (console) character file.

883 Kramin the Destroyer (level 8, 0/41 HPs)
             Began as a Tengu Conjurer on May 29, 2015.
             Killed from afar by Pikel (15 damage)
             ... with a wand of cold
             ... on level 4 of the Dungeon on June 1, 2015.
             The game lasted 00:26:00 (5780 turns).

Kramin the Destroyer (Tengu Conjurer)               Turns: 5780, Time: 00:26:00

Health: 0/41       AC:  2    Str: 10    XL:     8   Next: 5%
Magic:  15/16      EV: 12    Int: 17    God:
Gold:   220        SH:  0    Dex: 14    Spells: 2 memorised, 11 levels left

rFire  . . .     SeeInvis .     a - +2 dagger (drain)
rCold  . . .     Clarity  .     g - +0 robe
rNeg   . . .     SustAt   .     (no shield)
rPois  .         Gourm    .     (helmet restricted)
rElec  .         Spirit   .     (no cloak)
rCorr  .         Warding  .     (no gloves)
rMut   .         Stasis   .     (boots unavailable)
MR     .....                    (no amulet)
Stlth  ++........               (no ring)
                                (no ring)

@: not resistant to hostile enchantments, unstealthy
A: beak, talons 3, able to fly 1
a: Fly


You were on level 4 of the Dungeon.
You were not hungry.

You visited 1 branch of the dungeon, and saw 5 of its levels.

You collected 220 gold pieces.

Inventory:

Hand weapons
 a - a +2 dagger of draining (weapon)
 b - a +0 blowgun
 p - a +0 quarterstaff
Missiles
 u - 5 curare-tipped needles
Armour
 g - a +0 robe (worn)
Jewellery
 f - an uncursed ring of fire
Magical devices
 r - a wand of disintegration (17)
Scrolls
 h - 2 scrolls of random uselessness {unknown}
 j - 3 scrolls of identify
 l - 2 scrolls of remove curse
 m - a scroll of blinking {unknown}
 o - a scroll of fog {unknown}
 q - a scroll of fear {unknown}
 v - 2 scrolls of teleportation {unknown}
 w - a scroll of enchant weapon {unknown}
Potions
 e - a potion of curing
 i - a potion of haste
 s - a potion of brilliance
Books
 t - a book of Conjurations

   Spells                             Type                      Level
   a - Magic Dart                     Conjuration                  1
   b - Searing Ray                    Conjuration                  2
   c - Dazzling Spray                 Conjuration/Hexes            3
   d - Fulminant Prism                Conjuration/Hexes            4
   e - Iskenderun's Mystic Blast      Conjuration                  4
   f - Iskenderun's Battlesphere      Conjuration/Charms           5
Comestibles
 c - 4 bread rations
 d - 3 meat rations
 k - 2 slices of pizza
 n - 2 beef jerkies


   Skills:
 - Level 2.1 Dodging
 - Level 2.0 Stealth
 + Level 5.0 Spellcasting
 * Level 10.6 Conjurations
 + Level 0.4 Charms


You had 11 spell levels left.
You knew the following spells:

 Your Spells              Type           Power        Failure   Level  Hunger
a - Magic Dart            Conj           ####         1%          1    None
b - Iskenderun's Battles  Conj/Chrm      ###.....     45%         5    ######.


Dungeon Overview and Level Annotations

Branches:
Dungeon (5/15)
 Temple: D:4-7

Altars:
Ashenzari
Cheibriados
Elyvilon
Okawaru
Trog

Annotations:
D:4 Pikel


Innate Abilities, Weirdness & Mutations

You have a beak for a mouth.
You have claws for feet.
You can fly.


Message History

* * * LOW HITPOINT WARNING * * *
Read which item? (? for menu, Esc to quit)
Okay, then.
Unknown command.
Unknown command.
Drink which item? (? for menu, Esc to quit)
You feel better.
Pikel zaps a wand.
The bolt of cold misses you.
Drink which item? (? for menu, Esc to quit)
Okay, then.
Unknown command.
Unknown command.
Unknown command.
Unknown command.
Drink which item? (? for menu, Esc to quit)
You feel better.
Pikel zaps a wand.
The bolt of cold hits you!
You die...

########### #..........
#.######### ##############
#.# #....(....@K.# #.#
#.##########.# #.#
####.#### #.# #.#
####)......##### #.# #.#
...............###)####.###
####......................#
........##.#######.####...#
..########## #.# #.).# ###
##>## #.# #...###


You could see Pikel.

Vanquished Creatures
  A phantom (D:4)
  A centaur (D:3)
  An ogre (D:2)
  3 scorpions
  2 hounds
  2 orc priests (D:4)
  A giant frog skeleton (D:4)
  An iguana (D:4)
  An orc wizard (D:4)
  4 worker ants (D:4)
  11 adders
  An ooze (D:4)
  An adder skeleton (D:4)
  A worm (D:2)
  4 giant geckos
  13 orcs
  12 bats
  4 giant cockroaches
  14 hobgoblins
  5 jackals
  2 quokkas
  A giant newt (D:3)
  18 goblins
  7 kobolds
  12 rats
123 creatures vanquished.

Notes
Turn   | Place    | Note
--------------------------------------------------------------
     0 | D:1      | Kramin the Tengu Conjurer began the quest for the Orb.
     0 | D:1      | Reached XP level 1. HP: 10/10 MP: 4/4
   105 | D:1      | Reached XP level 2. HP: 6/15 MP: 1/6
   450 | D:1      | Upgraded the game from 0.17-a0-1168-gbda161f to 0.17-a0-1176-g3d5a0d0
   450 | D:1      | Upgraded the game from 0.17-a0-1176-g3d5a0d0 to 0.17-a0-1181-gabc46e6
   635 | D:1      | Reached skill level 6 in Conjurations
   644 | D:1      | Reached XP level 3. HP: 19/19 MP: 0/7
  1477 | D:2      | Reached XP level 4. HP: 24/24 MP: 4/9
  2187 | D:3      | Reached skill level 7 in Conjurations
  2325 | D:3      | Noticed a centaur
  2438 | D:3      | Gained mutation: You can fly. [Tengu growth]
  2438 | D:3      | Reached XP level 5. HP: 16/28 MP: 1/11
  2580 | D:2      | Noticed an ogre
  2601 | D:2      | Killed an ogre
  2601 | D:2      | Reached skill level 8 in Conjurations
  2601 | D:2      | Reached XP level 6. HP: 28/32 MP: 4/12
  3199 | D:3      | Killed a centaur
  3665 | D:4      | Reached skill level 9 in Conjurations
  3835 | D:4      | Reached XP level 7. HP: 22/36 MP: 6/14
  3888 | D:4      | Found an iron altar of Okawaru.
  4010 | D:4      | Found a bloodstained altar of Trog.
  4012 | D:4      | Found a white marble altar of Elyvilon.
  4437 | D:4      | Found a snail-covered altar of Cheibriados.
  4523 | D:4      | Reached skill level 10 in Conjurations
  4583 | D:4      | Found a shattered altar of Ashenzari.
  4659 | D:5      | Entered Level 5 of the Dungeon
  5161 | D:4      | Learned a level 5 spell: Iskenderun's Battlesphere
  5199 | D:4      | Reached skill level 5 in Spellcasting
  5199 | D:4      | Reached XP level 8. HP: 37/41 MP: 9/16
  5534 | D:5      | Noticed Pikel
  5778 | D:4      | HP: 1/41 [Pikel/wand of cold (24)]
  5780 | D:4      | Killed from afar by Pikel

Vault maps used:
D:1:      dpeg_arrival_brainrot
D:2:      first_bread, serial_corexii_hall, corexii_hall_statues_l,
          corexii_hall_statues_l, corexii_hall_statues_l,
          corexii_hall_statues_l, kennysheep_generic_room_15
D:4:      nicolae_overflow_hidden_temple, okawaru_gym_becter,
          cheibriados_altar_1, grunt_temple_overflow_open,
          hangedman_decor_clover_reticule
D:5:      kennysheep_kobold_camp, lemuel_doored_altar, lexackson_kobold_supper,
          uniq_pikel, uniq_eustachio

Action                   |  1- 3 |  4- 6 |  7- 9 || total
-------------------------+-------+-------+-------++-------
Melee: Unarmed           |     3 |       |       ||     3
       Dagger            |    10 |    16 |    16 ||    42
 Fire: Blowgun           |       |     1 |       ||     1
 Cast: Magic Dart        |    56 |   121 |   136 ||   313
 Abil: Fly               |       |     4 |       ||     4
  Use: Scroll            |       |     5 |       ||     5
       Potion            |       |       |     3 ||     3
  Eat: Chunk             |     2 |     7 |     5 ||    14
       Beef jerky        |       |       |     1 ||     1
